 Dungeon Crawl Stone Soup version 0.28.0-43-g3370ac3207 (webtiles) character file.

Game seed: 950654153022101091

172 pkoi the Vexing (level 5, -5/26 HPs)
             Began as a Spriggan Arcane Marksman on Mar 8, 2022.
             Was an Initiate of Sif Muna.
             Killed from afar by a steam dragon (24 damage)
             ... with a ball of steam
             ... on level 4 of the Dungeon.
             The game lasted 00:06:12 (4808 turns).

pkoi the Vexing (Spriggan Arcane Marksman)          Turns: 4808, Time: 00:06:12

Health: -5/26      AC:  3    Str:  6    XL:     5   Next: 27%
Magic:  11/11      EV: 17    Int: 17    God:    Sif Muna [......]
Gold:   162        SH:  0    Dex: 15    Spells: 4/10 levels left

rFire   . . .      SeeInvis +   a - +0 hunting sling
rCold   . . .      Faith    .   (no shield)
rNeg    . . .      Spirit   .   d - +0 robe
rPois   .          Reflect  .   (helmet restricted)
rElec   .          Harm     .   f - +0 cloak
rCorr   .          Rampage  .   (gloves unavailable)
Will    .....                   (boots unavailable)
Stlth   +.........              (no amulet)
HPRegen 0.08/turn               (no ring)
MPRegen 0.12/turn               (no ring)

@: very quick
A: very small, no large weapons, unfitting armour, see invisible, speed 3
a: Renounce Religion


You were on level 4 of the Dungeon.
You worshipped Sif Muna.
Sif Muna was noncommittal.
You visited 1 branch of the dungeon, and saw 4 of its levels.

You collected 175 gold pieces.
You spent 13 gold pieces at shops.

Inventory:

Hand Weapons
 a - a +0 hunting sling (weapon)
 e - a +0 dagger of venom
Missiles
 c - 25 sling bullets (quivered ammo)
 h - 107 stones
Armour
 d - a +0 robe (worn)
 f - a +0 cloak (worn)
Wands
 l - a wand of acid (9)
Scrolls
 b - a scroll of amnesia
 g - 3 scrolls of identify
 i - 3 scrolls of blinking
 k - a scroll of silence {unknown}
Potions
 j - 2 potions of degeneration
 m - a potion of berserk rage {unknown}
 n - a potion of cancellation {unknown}


   Skills:
 + Level 2.2 Fighting
 + Level 3.1 Slings
 - Level 2.9 Dodging
 + Level 3.4 Spellcasting
 + Level 4.9 Hexes
 + Level 0.0 Fire Magic
 + Level 0.3 Ice Magic


You had 4 spell levels left.
You knew the following spells:

 Your Spells              Type           Power      Damage    Failure   Level
a - Slow                  Hex            76%        N/A       2%          1
b - Ensorcelled Hibernat  Hex/Ice        22%        N/A       9%          2
c - Inner Flame           Hex/Fire       11%        N/A       19%         3

Your spell library contained the following spells:

 Spells                   Type           Power      Damage    Failure   Level
 Portal Projectile        Hex/Tloc       22%        N/A       19%         3
 Summon Guardian Golem    Hex/Summ       11%        N/A       19%         3
 Cause Fear               Hex            9%         N/A       22%         4
 Passwall                 Tmut/Erth      1%         N/A       26%         2
 Swiftness                Air            2%         N/A       45%         3
 Orb of Destruction       Conj           1%         9d5       100%        7
 Spellforged Servitor     Conj/Summ      1%         N/A       100%        7


Dungeon Overview and Level Annotations

Branches:
Dungeon (4/15)
 Temple: D:4-7

Altars:
Ru
Sif Muna
Vehumet

Shops:
D:2 !


Innate Abilities, Weirdness & Mutations

You are very small and have problems with some larger weapons.
You are too small for most types of armour.
You have supernaturally acute eyesight. (SInv)
You cover ground extremely quickly. (Speed+++)


Message History

You hit the endoplasm.
You kill the endoplasm!
Sif Muna accepts your kill.
HP restored.
A steam dragon comes into view.
A steam dragon is nearby!
A steam dragon is nearby!
A steam dragon is nearby!
Your +0 dagger of venom stops dripping with poison.
a - a +0 hunting sling (weapon)
You shoot a sling bullet. The sling bullet hits the steam dragon.
The steam dragon hisses angrily.
The steam dragon is lightly wounded.
The steam dragon breathes steam at you. The ball of steam misses you.
You hear a shout! x2
No target in view!
Fire: 29 sling bullets
Press: ? - help, Q - select action, (/) - cycle Shift-Dir - straight line, f - you You shoot a sling bullet.
You are engulfed in a cloud of scalding steam.
* * * LOW HITPOINT WARNING * * *
You hear a shout! x3
Fire: 28 sling bullets
Press: ? - help, Q - select action, (/) - cycle Shift-Dir - straight line, f - you You shoot a sling bullet.
Unknown command.
Fire: 27 sling bullets
Press: ? - help, Q - select action, (/) - cycle Shift-Dir - straight line, f - you You shoot a sling bullet.
Unknown command.
Fire: 26 sling bullets
Press: ? - help, Q - select action, (/) - cycle Shift-Dir - straight line, f/p - steam dragon
Aim: a steam dragon (moderately wounded, 60% to hit)
You shoot a sling bullet. The sling bullet hits the steam dragon.
The steam dragon is heavily wounded.
The steam dragon breathes steam at you. The ball of steam hits you!!
Ouch! That really hurt!
You die...

... #(.
#(# #§#
#D#
#.#####.#
#...<..§#
####.#.§#
#...@#
........#
#.####..##
#..# #..#
#... ...#
#.#.


There were no monsters in sight!

Vanquished Creatures
  Crazy Yiuf (D:2)
  A hound zombie (D:3)
  A hound skeleton (D:2)
  A gnoll (D:1)
  4 adders
  3 worms
  4 dart slugs
  An orc (D:2)
  4 ball pythons
  3 bats
  7 endoplasms
  2 giant cockroaches
  5 goblins
  6 hobgoblins
  A quokka (D:2)
  A frilled lizard (D:2)
  7 kobolds
  A rat (D:1)
53 creatures vanquished.

Vanquished Creatures (others)
  4 plants (D:2)
4 creatures vanquished.

Grand Total: 57 creatures vanquished

Notes
Turn   | Place    | Note
-------+----------+-------------------------------------------
     0 | D:1      | pkoi the Spriggan Arcane Marksman began the quest for the
                  | Orb.
     0 | D:1      | Reached XP level 1. HP: 9/9 MP: 3/3
   269 | D:1      | Reached skill level 1 in Fighting
   488 | D:1      | Reached XP level 2. HP: 14/14 MP: 5/5
  1049 | D:1      | Reached skill level 4 in Hexes
  1049 | D:1      | Reached XP level 3. HP: 14/18 MP: 5/7
  1493 | D:2      | Found Estaento's Distillery.
  1579 | D:2      | Bought a potion of degeneration for 13 gold pieces
  1902 | D:2      | Reached XP level 4. HP: 22/22 MP: 8/8
  2586 | D:2      | Found a runed translucent door.
  2587 | D:2      | Noticed Crazy Yiuf
  2727 | D:2      | Killed Crazy Yiuf
  2774 | D:3      | Learned a level 2 spell: Ensorcelled Hibernation
  3036 | D:3      | Reached XP level 5. HP: 18/26 MP: 10/10
  4032 | D:3      | Found a sacrificial altar of Ru.
  4246 | D:3      | Found a radiant altar of Vehumet.
  4247 | D:3      | Found a shimmering blue altar of Sif Muna.
  4254 | D:3      | Became a worshipper of Sif Muna the Loreminder
  4534 | D:3      | Learned a level 3 spell: Inner Flame
  4800 | D:4      | Noticed a steam dragon
  4808 | D:4      | Killed from afar by a steam dragon

Illustrated notes

Levels and vault maps discovered:
D:1:      tarquinn_simple_flora_water_e, layout_basic
D:2:      layout_basic, serial_shops,
          nicolae_shop_temple_entry_statues_fountains, guppyfry_early_lair_pool,
          uniq_crazy_yiuf_cottage
D:3:      layout_loops_cross, jmf_multi_god_temple, mainiacjoe_overflow_24_doors
D:4:      layout_loops_ring, marbit_many_paths, nicolae_elemental_shop,
          kennysheep_pointless_box, uniq_pikel

Skill      XL: |  1  2  3  4 |
---------------+-------------+-----
Fighting       | 1 2 |  2.2
Spellcasting   | 2 3 |  3.4
Hexes          | 4 |  4.9
Slings         | 3 |  3.1
Dodging        | |  2.9
Ice Magic      | |  0.3

Action                   |  1- 3 |  4- 6 || total
-------------------------+-------+-------++-------
Melee: Dagger            |       |    90 ||    90
       Punch             |       |     4 ||     4
 Fire: Hunting sling     |    95 |    26 ||   121
  Use: Scroll            |     2 |       ||     2
 Stab: Sleeping          |       |     3 ||     3
Armor: Robe              |       |     7 ||     7
Dodge: Dodged            |    20 |    65 ||    85
